 Dungeon Crawl Stone Soup version 0.31-a0-161-gb58dd9be76 (webtiles) character file.

Game seed: 1805029550330624494

15599 qw the Cleaver (level 12, -1/76 HPs)
             Began as a Gargoyle Fighter on June 12, 2023.
             Was a High Priest of Okawaru.
             Slain by a redback (8 damage)
             ... on level 2 of the Lair of Beasts.
             The game lasted 00:05:00 (9333 turns).

qw the Cleaver (Gargoyle Fighter)                   Turns: 9333, Time: 00:05:00

Health: -1/76      AC: 30    Str: 33    XL:     12   Next: 28%
Magic:  17/18      EV: 12    Int:  8    God:    Okawaru [*****.]
Gold:   559        SH:  7    Dex: 14    Spells: 11/11 levels left

rFire   . . .        Y - +2 war axe
rCold   . . .        c - +0 buckler
rNeg    + . .        b - +0 plate armour of Parlour Games {Str+4}
rPois   inf          f - +0 helmet
rElec   +            e - +1 cloak
rCorr   .            (no gloves)
SInv    .            h - +0 pair of boots
Will    .....        (no amulet) Stlth
                     s - +6 ring of dexterity
HPRegen 0.32/turn    (no ring)
MPRegen 0.16/turn

%: no passive effects
@: about to teleport, heroic
A: sickness immunity, AC +8, negative energy resistance 1, electricity
resistance, torment resistance 1, petrification resistance, strong 1, MP-powered
wands
a: Renounce Religion, Heroism, Finesse, Duel


You were on level 2 of the Lair of Beasts.
You worshipped Okawaru.
Okawaru was extremely pleased with you.
You visited 3 branches of the dungeon, and saw 11 of its levels.

You collected 559 gold pieces.


Innate Abilities, Weirdness & Mutations

You are immune to sickness and miasma.
Your stone body is resilient. (AC +8)
You are immune to poison.
You resist negative energy. (rN+)
You are resistant to electric shocks. (rElec)
You are resistant to unholy torment.
You are immune to petrification.
Your muscles are strong. (Str +4, Int/Dex -1)
You expend magic power (3 MP) to strengthen your wands.


   Skills:
 - Level 9.0(14.0) Fighting
 - Level 12.0(17.0) Axes
 - Level 3.0(8.0) Throwing
 - Level 8.6(13.6) Armour
 - Level 3.2(8.2) Dodging
 + Level 5.5(10.5) Shields
 + Level 9.0 Invocations


You had 11 spell levels left.
You didn't know any spells.
Your spell library was empty.

Inventory:

Hand Weapons
 p - a +0 flail of protection
 u - a -1 demon whip of venom
 Y - a +2 war axe (weapon)
Missiles
 k - a boomerang (quivered)
 l - 3 javelins
Armour
 b - the +0 plate armour of Parlour Games (worn) {Str+4}
   (You acquired it on level 6 of the Dungeon)

   Str:       It affects your strength (+4).
 c - a +0 buckler (worn)
 e - a +1 cloak (worn)
 f - a +0 helmet (worn)
 h - a +0 pair of boots (worn)
Jewellery
 s - a +6 ring of dexterity (left hand)
 v - an amulet of guardian spirit
Scrolls
 g - 4 scrolls of identify
Potions
 a - a potion of cancellation {unknown}
 d - 4 potions of might
 i - 3 potions of curing
 j - a potion of mutation
 m - a potion of attraction
 n - a potion of lignification
 o - a potion of resistance
 q - a potion of haste

Dungeon Overview and Level Annotations

Branches:
Dungeon (8/15)             Temple (1/1) D:5            Lair (2/5) D:8
  Swamp: Lair:2-3    Shoals: Lair:2-3     Snake: Lair:2-3    Spider: Lair:2-3

Altars:
Ashenzari
Cheibriados
Dithmenos
Elyvilon
Fedhas
Gozag
Hepliaklqana
Kikubaaqudgha
Makhleb
Nemelex Xobeh
Okawaru
Qazlal
Ru
Sif Muna
Trog
Uskayaw
Vehumet
Wu Jian
Xom
Yredelemnul
Zin
The Shining One

Shops:
D:6 (   D:7 (


Message History

The culicivora bites you but does no damage.
You slash the culicivora!
The culicivora is almost dead.
You hit the jumping spider. You slash the redback!
You barely miss the culicivora.
The jumping spider pounces on you but does no damage.
The jumping spider barely misses you. The redback bites you.
The culicivora misses you.
The culicivora is healed somewhat.
9329 ||| READING scroll of teleportation.
As you read the scroll of teleportation, it crumbles to dust.
You feel strangely unstable. The jumping spider pounces on you.
The jumping spider closely misses you. The redback misses you.
You block the culicivora's attack. The culicivora bites you.
You block the jumping spider's attack.
The jumping spider bites you but does no damage.
The redback bites you but does no damage.
You slash the culicivora!
The culicivora is almost dead.
You slash the jumping spider! You slash the redback!
You barely miss the culicivora. The culicivora misses you.
The culicivora bites you but does no damage.
The jumping spider leaps!
The redback barely misses you.
You closely miss the culicivora.
The culicivora is almost dead.
You closely miss the redback. You closely miss the culicivora.
The culicivora is healed somewhat.
The culicivora's wounds heal themselves!
The redback completely misses you.
You miss the culicivora.
The culicivora is severely wounded.
You barely miss the culicivora. You closely miss the redback.
The culicivora bites you but does no damage. x2
The redback completely misses you.
The redback is healed somewhat.
You slash the culicivora!
You kill the culicivora!
Okawaru accepts your kill.
You hit the redback. You slash the culicivora! The culicivora bites you!
The redback bites you!
You die...

##.##.P.......... ....
#..#.#........... .....
##.#.............. .....
#.#............P..
.....##.P............##.
.....................##.
..(....##.s.........####
...?...............## #
......s@#..........## #
......s%#...........#
........##.........##
....##^..##.......## ...
##...#####P..# ## #^^^^
##### ##^^^s .^..s
#^^.s.


You could see a culicivora, a jumping spider and a redback.

Vanquished Creatures
  A hydra (Lair:2)
  2 skysharks (Lair:2)
  Amaemon (Lair:1)
  2 lindwurms (Lair:1)
  Pikel (D:6)
  An elephant (D:8)
  Joseph (D:7)
  3 black mambas
  3 cane toads (Lair:1)
  An orange demon (Lair:1)
  3 komodo dragons
  A rime drake (Lair:2)
  4 blink frogs (Lair:1)
  A culicivora (Lair:2)
  11 yaks
  4 vampire mosquitoes (D:7)
  3 basilisks
  Grum (D:8)
  A redback (Lair:2)
  5 water moccasins
  An orc warrior (D:7)
  3 ice beasts
  4 ogres
  2 black bears (D:6)
  8 wolves
  A centaur (D:7)
  4 lemures (D:6)
  2 phantoms
  6 bullfrogs
  Blork the orc (D:4)
  2 scorpions (D:5)
  11 wights
  3 killer bees (D:8)
  A howler monkey (D:5)
  3 hounds
  7 orc priests
  2 jellies
  A gnoll bouda (D:5)
  A sleepcap (D:7)
  4 iguanas
  6 hell rats (Lair:2)
  8 orc wizards
  Robin (D:3)
  11 adders
  9 gnolls
  2 river rats (D:6)
  2 shadow imps
  2 white imps (D:6)
  2 worms
  2 dart slugs
  35 orcs
  8 bats
  4 endoplasms
  5 giant cockroaches
  14 goblins
  5 hobgoblins
  7 jackals (D:2)
  2 kobolds
  2 quokkas
  4 ball pythons
  11 rats
259 creatures vanquished.

Notes
Turn   | Place    | Note
-------+----------+-------------------------------------------
     0 | D:1      | qw the Gargoyle Fighter began the quest for the Orb.
     0 | D:1      | Reached XP level 1. HP: 14/14 MP: 1/1
     0 | D:1      | 0 ||| qw: Version: 0.2-a-29-gc1b59c4
     0 | D:1      | 0 ||| qw: Game counter: 4228
     0 | D:1      | 0 ||| qw: Always use a shield: true
     0 | D:1      | 0 ||| qw: God list: Okawaru
     0 | D:1      | 0 ||| qw: Allow faded altars: false
     0 | D:1      | 0 ||| qw: Do Orc after D:15 true
     0 | D:1      | 0 ||| qw: Do second Lair branch before Depths: true
     0 | D:1      | 0 ||| qw: Lair rune preference: random
     0 | D:1      | 0 ||| qw: Plans: Normal, Zot:1-4, Slime:5, God:TSO, Crypt,
                  | Tomb, Abyss, Pan, Hells, Win
     0 | D:1      | 0 ||| PLANNING D:1-11
    45 | D:1      | Reached skill level 2 in Axes
    66 | D:1      | 66 ||| Stepping ~*~*~tactically~*~*~ (hiding).
    78 | D:1      | Reached XP level 2. HP: 10/19 MP: 2/2
   274 | D:1      | Reached skill level 3 in Axes
   286 | D:1      | Reached XP level 3. HP: 20/23 MP: 3/3
   481 | D:1      | 481 ||| READING scroll labelled MUAFUXK LIHAU.
   482 | D:1      | 482 ||| READING 2 scrolls labelled CIWNA NIONUQYE.
   483 | D:1      | 483 ||| READING scroll labelled NUYDDA BAGYCI.
   488 | D:1      | 488 ||| DROPPING scroll of blinking.
   509 | D:2      | 509 ||| STAIRDANCE
   511 | D:2      | 511 ||| STAIRDANCE
   824 | D:2      | Reached XP level 4. HP: 28/28 MP: 4/4
   854 | D:2      | 854 ||| DROPPING +0 club.
   878 | D:2      | Reached skill level 4 in Axes
  1017 | D:2      | 1017 ||| Stepping ~*~*~tactically~*~*~ (stealth).
  1019 | D:2      | 1019 ||| Stepping ~*~*~tactically~*~*~ (stealth).
  1043 | D:2      | 1043 ||| Stepping ~*~*~tactically~*~*~ (stealth).
  1062 | D:2      | Found a shimmering altar of Xom.
  1140 | D:2      | 1140 ||| READING 2 scrolls labelled YNIOBB NETECO.
  1141 | D:2      | 1141 ||| READING scroll labelled IREKKE MYOGE.
  1160 | D:2      | 1160 ||| DROPPING scroll of immolation.
  1211 | D:3      | 1211 ||| STAIRDANCE
  1278 | D:3      | Noticed Robin
  1289 | D:3      | Killed Robin
  1290 | D:3      | Reached XP level 5. HP: 20/32 MP: 5/5
  1340 | D:3      | 1340 ||| DROPPING +0 whip.
  1666 | D:3      | Found a faded altar of an unknown god.
  1773 | D:3      | 1773 ||| UPGRADING to +1 cloak.
  1778 | D:3      | 1778 ||| UPGRADING to +0 helmet.
  1783 | D:3      | 1783 ||| READING scroll labelled UNAKHL YMPU.
  1784 | D:3      | 1784 ||| READING scroll labelled ZIUCHO WUUPPIU.
  1879 | D:4      | 1879 ||| Stepping ~*~*~tactically~*~*~ (hiding).
  1892 | D:4      | Reached skill level 5 in Axes
  1901 | D:4      | 1901 ||| DROPPING +0 mace.
  2286 | D:4      | Noticed a phantom
  2298 | D:4      | Killed a phantom
  2299 | D:4      | Reached XP level 6. HP: 39/40 MP: 6/6
  2308 | D:4      | 2308 ||| Stepping ~*~*~tactically~*~*~ (stealth).
  2332 | D:4      | Found a radiant altar of Vehumet.
  2527 | D:4      | 2527 ||| Stepping ~*~*~tactically~*~*~ (stealth).
  2529 | D:4      | 2529 ||| Stepping ~*~*~tactically~*~*~ (stealth).
  2542 | D:4      | HP: 10/40 [jelly (1)]
  2542 | D:4      | HP: 1/40 [acid (9)]
  2544 | D:4      | Reached skill level 1 in Dodging
  2706 | D:4      | Noticed Blork the orc
  2715 | D:4      | Killed Blork the orc
  2831 | D:4      | HP: 7/40 [ogre/+0 giant spiked club (11)]
  2833 | D:4      | Reached XP level 7. HP: 8/44 MP: 7/7
  3057 | D:4      | 3057 ||| UPGRADING to +0 pair of boots.
  3062 | D:4      | 3062 ||| DRINKING 2 grey potions.
  3062 | D:4      | Gained mutation: You expend magic power (3 MP) to
                  | strengthen your wands. [potion of mutation]
  3062 | D:4      | Gained mutation: Your muscles are strong. (Str +4, Int/Dex
                  | -1) [potion of mutation]
  3090 | D:5      | Entered Level 5 of the Dungeon
  3097 | D:5      | Reached skill level 6 in Axes
  3232 | D:5      | Found a staircase to the Ecumenical Temple.
  3233 | D:5      | 3233 ||| PLANNING TEMPLE
  3233 | D:5      | 3233 ||| READING scroll labelled LOEMINTOES.
  3234 | D:5      | 3234 ||| READING scroll labelled ACSEDE IWAIPH.
  3240 | Temple   | Entered the Ecumenical Temple
  3241 | Temple   | 3241 ||| PLANNING OKAWARU WORSHIP
  3416 | Temple   | Became a worshipper of Warmaster Okawaru
  3416 | Temple   | 3416 ||| PLANNING D:1-11
  3453 | D:5      | Reached skill level 7 in Axes
  3660 | D:5      | Reached XP level 8. HP: 49/49 MP: 8/8
  3877 | D:5      | 3877 ||| READING scroll labelled UCEDUL BIONG.
  3894 | D:6      | 3894 ||| PLANNING SEWER
  3944 | D:6      | 3944 ||| Stepping ~*~*~tactically~*~*~ (stealth).
  3945 | D:6      | 3945 ||| Stepping ~*~*~tactically~*~*~ (stealth).
  3946 | D:6      | 3946 ||| Stepping ~*~*~tactically~*~*~ (stealth).
  3952 | D:6      | Reached * piety under Okawaru
  4060 | D:6      | 4060 ||| INVOKING Heroism.
  4067 | D:6      | Reached skill level 8 in Axes
  4088 | D:6      | 4088 ||| Stepping ~*~*~tactically~*~*~ (stealth).
  4094 | D:6      | Reached skill level 1 in Invocations
  4117 | D:6      | 4117 ||| Stepping ~*~*~tactically~*~*~ (hiding).
  4161 | D:6      | Reached skill level 6 in Fighting
  4186 | D:6      | 4186 ||| Stepping ~*~*~tactically~*~*~ (hiding).
  4191 | D:6      | 4191 ||| INVOKING Heroism.
  4202 | D:6      | Reached skill level 3 in Invocations
  4301 | D:6      | 4301 ||| Stepping ~*~*~tactically~*~*~ (hiding).
  4302 | D:6      | 4302 ||| INVOKING Heroism.
  4435 | D:6      | 4435 ||| Stepping ~*~*~tactically~*~*~ (hiding).
  4436 | D:6      | 4436 ||| Stepping ~*~*~tactically~*~*~ (hiding).
  4437 | D:6      | 4437 ||| Stepping ~*~*~tactically~*~*~ (hiding).
  4438 | D:6      | 4438 ||| Stepping ~*~*~tactically~*~*~ (hiding).
  4464 | D:6      | 4464 ||| Stepping ~*~*~tactically~*~*~ (stealth).
  4470 | D:6      | 4470 ||| INVOKING Heroism.
  4518 | D:6      | 4518 ||| INVOKING Heroism.
  4526 | D:6      | Reached XP level 9. HP: 52/55 MP: 8/12
  4659 | D:6      | 4659 ||| RIP SEWER
  4660 | D:6      | 4660 ||| PLANNING D:1-11
  4725 | D:6      | 4725 ||| Stepping ~*~*~tactically~*~*~ (water).
  4826 | D:6      | 4826 ||| Stepping ~*~*~tactically~*~*~ (stealth).
  4827 | D:6      | 4827 ||| Stepping ~*~*~tactically~*~*~ (stealth).
  4877 | D:6      | 4877 ||| Stepping ~*~*~tactically~*~*~ (stealth).
  4879 | D:6      | 4879 ||| INVOKING Heroism.
  4904 | D:6      | Found Pel Kaus's Antique Weapon Shop.
  4910 | D:6      | Noticed Pikel
  4911 | D:6      | 4911 ||| Stepping ~*~*~tactically~*~*~ (stealth).
  4913 | D:6      | 4913 ||| Stepping ~*~*~tactically~*~*~ (stealth).
  4914 | D:6      | 4914 ||| INVOKING Heroism.
  4921 | D:6      | Killed Pikel
  4921 | D:6      | Reached ** piety under Okawaru
  4922 | D:6      | Reached skill level 9 in Axes
  5030 | D:6      | 5030 ||| DROPPING +2 robe of fire resistance.
  5031 | D:6      | 5031 ||| UPGRADING to +0 chain mail.
  5041 | D:6      | 5041 ||| DROPPING +0 scale mail.
  5042 | D:6      | 5042 ||| READING scroll labelled QYXITH VEJO.
  5042 | D:6      | Identified a scroll of acquirement
  5042 | D:6      | 5042 ||| ACQUIRING +0 plate armour of Parlour Games {Str+4}
  5042 | D:6      | Acquired the +0 plate armour of Parlour Games {Str+4}
  5044 | D:6      | 5044 ||| UPGRADING to +0 plate armour of Parlour Games
                  | {Str+4}.
  5054 | D:6      | 5054 ||| DROPPING +0 chain mail.
  5055 | D:6      | 5055 ||| READING scroll labelled KAIK IGISS.
  5056 | D:6      | 5056 ||| READING 4 scrolls of identify.
  5056 | D:6      | 5056 ||| IDENTIFYING viscous pink potion
  5057 | D:6      | 5057 ||| READING 3 scrolls of identify.
  5057 | D:6      | 5057 ||| IDENTIFYING clear potion
  5058 | D:6      | 5058 ||| READING 2 scrolls of identify.
  5058 | D:6      | 5058 ||| IDENTIFYING purple potion
  5059 | D:6      | 5059 ||| DROPPING potion of ambrosia.
  5060 | D:6      | 5060 ||| DROPPING potion of brilliance.
  5330 | D:7      | 5330 ||| Stepping ~*~*~tactically~*~*~ (hiding).
  5337 | D:7      | 5337 ||| INVOKING Heroism.
  5362 | D:7      | 5362 ||| INVOKING Heroism.
  5423 | D:7      | 5423 ||| Stepping ~*~*~tactically~*~*~ (stealth).
  5545 | D:7      | Reached skill level 1 in Throwing
  5560 | D:7      | Noticed Joseph
  5561 | D:7      | 5561 ||| Stepping ~*~*~tactically~*~*~ (hiding).
  5571 | D:7      | Killed Joseph
  5572 | D:7      | Reached skill level 6 in Armour
  5630 | D:7      | Found an ornate altar of the Wu Jian Council.
  5750 | D:7      | Found Wiuzalad's Weapon Shop.
  5845 | D:7      | 5845 ||| Stepping ~*~*~tactically~*~*~ (stealth).
  5854 | D:7      | Reached XP level 10. HP: 50/61 MP: 13/13
  5855 | D:7      | Reached *** piety under Okawaru
  5929 | D:7      | 5929 ||| DROPPING +1 hat.
  5930 | D:7      | 5930 ||| READING 4 scrolls of identify.
  5930 | D:7      | 5930 ||| IDENTIFYING lumpy puce potion
  5931 | D:7      | 5931 ||| READING 3 scrolls of identify.
  5931 | D:7      | 5931 ||| IDENTIFYING smoky green potion
  5932 | D:7      | 5932 ||| READING 2 scrolls of identify.
  5932 | D:7      | 5932 ||| IDENTIFYING murky clear potion
  5933 | D:7      | 5933 ||| DROPPING potion of berserk rage.
  5958 | D:8      | Found a staircase to the Lair.
  5959 | D:8      | Noticed an elephant
  5966 | D:8      | 5966 ||| INVOKING Heroism.
  5975 | D:8      | Killed an elephant
  5976 | D:8      | Reached skill level 10 in Axes
  5977 | D:8      | HP: 12/63 [yak (5)]
  6196 | D:8      | 6196 ||| INVOKING Heroism.
  6228 | D:8      | 6228 ||| Stepping ~*~*~tactically~*~*~ (hiding).
  6245 | D:8      | 6245 ||| INVOKING Heroism.
  6327 | D:8      | 6327 ||| Stepping ~*~*~tactically~*~*~ (stealth).
  6328 | D:8      | 6328 ||| Stepping ~*~*~tactically~*~*~ (stealth).
  6402 | D:8      | 6402 ||| Stepping ~*~*~tactically~*~*~ (hiding).
  6506 | D:8      | 6506 ||| Stepping ~*~*~tactically~*~*~ (stealth).
  6509 | D:8      | 6509 ||| Stepping ~*~*~tactically~*~*~ (hiding).
  6521 | D:8      | 6521 ||| Stepping ~*~*~tactically~*~*~ (stealth).
  6541 | D:8      | 6541 ||| FLEEEEING.
  6553 | D:8      | 6553 ||| FLEEEEING.
  6557 | D:8      | 6557 ||| FLEEEEING.
  6559 | D:8      | 6559 ||| FLEEEEING.
  6560 | D:8      | 6560 ||| Stepping ~*~*~tactically~*~*~ (hiding).
  6596 | D:8      | 6596 ||| Stepping ~*~*~tactically~*~*~ (hiding).
  6597 | D:8      | 6597 ||| Stepping ~*~*~tactically~*~*~ (hiding).
  6598 | D:8      | 6598 ||| Stepping ~*~*~tactically~*~*~ (stealth).
  6599 | D:8      | 6599 ||| Stepping ~*~*~tactically~*~*~ (stealth).
  6600 | D:8      | 6600 ||| Stepping ~*~*~tactically~*~*~ (stealth).
  6612 | D:8      | 6612 ||| FLEEEEING.
  6613 | D:8      | 6613 ||| FLEEEEING.
  6614 | D:8      | 6614 ||| FLEEEEING.
  6622 | D:8      | 6622 ||| FLEEEEING.
  6623 | D:8      | 6623 ||| FLEEEEING.
  6624 | D:8      | 6624 ||| FLEEEEING.
  6625 | D:8      | 6625 ||| FLEEEEING.
  6661 | D:8      | 6661 ||| Stepping ~*~*~tactically~*~*~ (stealth).
  6666 | D:8      | 6666 ||| DROPPING +0 flail.
  6667 | D:8      | 6667 ||| Stepping ~*~*~tactically~*~*~ (stealth).
  6668 | D:8      | 6668 ||| Stepping ~*~*~tactically~*~*~ (stealth).
  6802 | D:8      | 6802 ||| Stepping ~*~*~tactically~*~*~ (stealth).
  6846 | D:8      | Noticed Grum
  6847 | D:8      | 6847 ||| Stepping ~*~*~tactically~*~*~ (hiding).
  6848 | D:8      | 6848 ||| INVOKING Heroism.
  6867 | D:8      | 6867 ||| INVOKING Heroism.
  6868 | D:8      | Killed Grum
  6869 | D:8      | Reached skill level 11 in Axes
  7169 | D:8      | 7169 ||| PLANNING LAIR
  7169 | D:8      | 7169 ||| DRINKING 2 green potions.
  7170 | D:8      | 7170 ||| DROPPING potion of enlightenment.
  7232 | Lair:1   | Entered Level 1 of the Lair of Beasts
  7238 | Lair:1   | 7238 ||| INVOKING Heroism.
  7266 | Lair:1   | Noticed a cane toad
  7267 | Lair:1   | 7267 ||| INVOKING Heroism.
  7275 | Lair:1   | Noticed a cane toad
  7277 | Lair:1   | Killed a cane toad
  7277 | Lair:1   | Reached **** piety under Okawaru
  7277 | Lair:1   | Received a gift from Okawaru
  7278 | Lair:1   | Reached XP level 11. HP: 61/68 MP: 12/14
  7284 | Lair:1   | 7284 ||| INVOKING Heroism.
  7394 | Lair:1   | 7394 ||| INVOKING Heroism.
  7412 | Lair:1   | 7412 ||| INVOKING Heroism.
  7469 | Lair:1   | 7469 ||| INVOKING Heroism.
  7473 | Lair:1   | 7473 ||| Stepping ~*~*~tactically~*~*~ (stealth).
  7477 | Lair:1   | Reached skill level 9 in Fighting
  7733 | Lair:1   | 7733 ||| INVOKING Heroism.
  7833 | Lair:1   | Reached skill level 3 in Throwing
  8068 | Lair:1   | Noticed a lindwurm
  8069 | Lair:1   | 8069 ||| Stepping ~*~*~tactically~*~*~ (hiding).
  8071 | Lair:1   | 8071 ||| Stepping ~*~*~tactically~*~*~ (hiding).
  8072 | Lair:1   | 8072 ||| Stepping ~*~*~tactically~*~*~ (hiding).
  8073 | Lair:1   | 8073 ||| INVOKING Heroism.
  8084 | Lair:1   | Killed a lindwurm
  8085 | Lair:1   | Reached skill level 6 in Invocations
  8095 | Lair:1   | Noticed a lindwurm
  8096 | Lair:1   | 8096 ||| Stepping ~*~*~tactically~*~*~ (hiding).
  8097 | Lair:1   | 8097 ||| Stepping ~*~*~tactically~*~*~ (hiding).
  8099 | Lair:1   | 8099 ||| Stepping ~*~*~tactically~*~*~ (hiding).
  8100 | Lair:1   | 8100 ||| Stepping ~*~*~tactically~*~*~ (hiding).
  8101 | Lair:1   | 8101 ||| INVOKING Heroism.
  8106 | Lair:1   | Noticed Amaemon
  8114 | Lair:1   | Killed a lindwurm
  8124 | Lair:1   | 8124 ||| INVOKING Heroism.
  8127 | Lair:1   | Killed Amaemon
  8321 | Lair:1   | 8321 ||| UPGRADING to +6 ring of dexterity.
  8322 | Lair:1   | 8322 ||| READING scroll labelled XUTTAH OM YHE.
  8423 | Lair:1   | 8423 ||| DRINKING 2 orange potions.
  8485 | Lair:2   | Reached ***** piety under Okawaru
  8512 | Lair:2   | 8512 ||| READING scroll of enchant weapon.
  8512 | Lair:2   | 8512 ||| ENCHANTING +1 war axe.
  8647 | Lair:2   | 8647 ||| INVOKING Heroism.
  8648 | Lair:2   | Noticed a skyshark
  8651 | Lair:2   | Noticed a six-headed hydra
  8652 | Lair:2   | 8652 ||| INVOKING Finesse.
  8666 | Lair:2   | Reached XP level 12. HP: 56/76 MP: 10/17
  8671 | Lair:2   | Killed a skyshark
  8672 | Lair:2   | Reached skill level 3 in Dodging
  8672 | Lair:2   | 8672 ||| SWAPPING to -1 demon whip of venom.
  8683 | Lair:2   | Killed a six-headed hydra
  8684 | Lair:2   | 8684 ||| SWAPPING to +2 war axe.
  8757 | Lair:2   | Noticed a skyshark
  8758 | Lair:2   | 8758 ||| FLEEEEING.
  8759 | Lair:2   | 8759 ||| FLEEEEING.
  8760 | Lair:2   | 8760 ||| FLEEEEING.
  8831 | Lair:2   | 8831 ||| Stepping ~*~*~tactically~*~*~ (stealth).
  8833 | Lair:2   | 8833 ||| Stepping ~*~*~tactically~*~*~ (stealth).
  8846 | Lair:2   | 8846 ||| INVOKING Heroism.
  8848 | Lair:2   | Killed a skyshark
  8849 | Lair:2   | Reached skill level 12 in Axes
  9309 | Lair:2   | 9309 ||| Stepping ~*~*~tactically~*~*~ (hiding).
  9310 | Lair:2   | 9310 ||| Stepping ~*~*~tactically~*~*~ (stealth).
  9322 | Lair:2   | 9322 ||| INVOKING Heroism.
  9327 | Lair:2   | Reached skill level 9 in Invocations
  9328 | Lair:2   | HP: 19/76 [redback (6)]
  9329 | Lair:2   | 9329 ||| READING scroll of teleportation.
  9333 | Lair:2   | HP: 7/76 [culicivora (7)]
  9333 | Lair:2   | Slain by a redback

Levels and vault maps discovered:
D:1:      pf_arrival_petrified_forest, layout_rooms
D:2:      layout_basic, basic_altar, chequers_avenue
D:3:      layout_rooms, shapermc_ecumenical_altar_mp_highgroup,
          chequers_arboretum, uniq_robin
D:4:      layout_gridville, nicolae_vehumet_radiance, corexii_checkpoint_b,
          uniq_blork_the_orc
D:5:      layout_cave_pools, minmay_temple_entry_hall, due_unseen_surprise
D:6:      minmay_skewed_foursquare, layout_basic, serial_shops, shop,
          gup_sewer_entry_spiral, uniq_pikel
D:7:      layout_basic, old_standard_altar, serial_shops, shop, uniq_joseph
D:8:      layout_loops_cross, david_lair_generic, nrook_campfire,
          minmay_fountain_box, minivault_10, uniq_grum
Temple:   nicolae_temple_bog_church
Lair:1:   layout_misc_corridors, nicolae_lair_lindhole, uniq_prince_ribbit2,
          uniq_amaemon
Lair:2:   layout_cave_pods, spider_nest_entry_funnel_web,
          grunt_forest_large_clearing_hut, grunt_megastairs_4

Skill      XL: |  1  2  3  4  5  6  7  8  9 10 11 12 |
---------------+-------------------------------------+-----
Axes           | 2 3 4 5 7 8 9 11 12 | 12.0
Fighting       | 4 5 6 8 9 |  9.0
Dodging        | 1 2 3 |  3.2
Invocations    | 4 7 9 |  9.0
Armour         | 6 8 |  8.6
Throwing       | 1 3 |  3.0
Shields        | 4 5 |  5.5

Action                     |  1- 3 |  4- 6 |  7- 9 | 10-12 || total
---------------------------+-------+-------+-------+-------++-------
  Melee: War axe           |    92 |   164 |   256 |   320 ||   832
         Demon whip        |       |       |       |    11 ||    11
  Throw: Boomerang         |       |     1 |    12 |    39 ||    52
         Javelin           |       |       |       |    24 ||    24
 Invoke: Heroism           |       |       |     9 |    18 ||    27
         Finesse           |       |       |       |     1 ||     1
    Use: Scroll            |     3 |     4 |     8 |     6 ||    21
         Potion            |       |       |     1 |     2 ||     3
 Armour: Scale mail        |    61 |    92 |   110 |       ||   263
         Plate armour      |       |       |    55 |   260 ||   315
  Dodge: Dodged            |    55 |    70 |   136 |   159 ||   420
  Block: Buckler           |    12 |    30 |    51 |    97 ||   190

Table legend:
 A = Non-vault XP
 B = Vault XP
 C = Vault XP percentage of total XP
 D = Non-vault monster count
 E = Vault monster count
 F = Vault count percentage of total count
                 A         B        C        D         E       F
            +---------+---------+-------+---------+---------+-------
      Total |   13744 |    8764 |  38.9 |     206 |      49 |  19.2
            +---------+---------+-------+---------+---------+-------
        D:1 |      39 |       0 |   0.0 |      18 |       0 |   0.0
        D:2 |      87 |       0 |   0.0 |      22 |       0 |   0.0
        D:3 |      26 |      33 |  55.9 |       8 |      11 |  57.9
        D:4 |     395 |      90 |  18.6 |      23 |       3 |  11.5
        D:5 |     588 |       0 |   0.0 |      15 |       0 |   0.0
        D:6 |     930 |    1137 |  55.0 |      21 |      15 |  41.7
        D:7 |    1267 |     450 |  26.2 |      21 |       1 |   4.5
        D:8 |    1604 |    1721 |  51.8 |      36 |       9 |  20.0
     Lair:1 |    5536 |    2462 |  30.8 |      24 |       4 |  14.3
     Lair:2 |    3272 |    2871 |  46.7 |      18 |       6 |  25.0
            +---------+---------+-------+---------+---------+-------
